 Dungeon Crawl Stone Soup version 0.21.1-1-g345015f (webtiles) character file.

1332 tidbits the Grave Robber (level 8, -5/87 HPs)
             Began as a Gnoll Necromancer on June 29, 2018.
             Was a Follower of Cheibriados.
             Slain by an orc warlord
             ... wielding a +0 war axe
              (22 damage)
             ... in a bailey.
             The game lasted 00:19:25 (1378 turns).

tidbits the Grave Robber (Gnoll Necromancer)        Turns: 1378, Time: 00:19:25

Health: -5/87      AC: 24    Str: 12    XL:     8   Next: 61%
Magic:  1/15       EV:  2    Int: 23    God:    Cheibriados [*.....]
Gold:   160        SH:  6    Dex: 17    Spells: 2/19 levels left

rFire    . . .     SeeInvis .     - Unarmed
rCold    . . .     Gourm    .   D - +1 buckler
rNeg     + + +     Faith    .   (armour currently unavailable)
rPois    +         Spirit   .   (helmet currently unavailable)
rElec    .         Reflect  .   (cloak currently unavailable)
rCorr    +         Harm     .   (gloves currently unavailable)
MR       .....     NoTele   +   (boots currently unavailable)
Stlth    +++.......             (no amulet)
HPRegen  0.24/turn              m - ring of resist corrosion
MPRegen  0.14/turn              v - ring of wizardry

@: tree-form (expiring), very slow
A: distributed training, low mp 1, strong nose
a: Bend Time, Renounce Religion


You were in a bailey.
You worshipped Cheibriados.
Cheibriados was aware of your devotion.
You were not hungry.
You were a tree.
You visited 2 branches of the dungeon, and saw 8 of its levels.
You also visited: Bailey.

You collected 160 gold pieces.

Inventory:

Hand Weapons
 f - a +0 dagger
 n - a cursed +4 halberd
 w - a +0 war axe
Missiles
 j - a stone
 s - 16 tomahawks of returning (quivered)
Armour
 a - a +0 robe (melded)
 d - a +0 pair of gloves (melded)
 e - a +0 shield
 D - a +1 buckler (worn)
 F - a +0 pair of boots (melded)
Jewellery
 m - a ring of resist corrosion (left branch)
   (You found it on level 4 of the Dungeon)
 v - a ring of wizardry (right branch)
   (You found it on level 7 of the Dungeon)
Wands
 t - a wand of enslavement (4)
Scrolls
 g - 2 scrolls of enchant weapon
 h - a scroll of amnesia
 p - a scroll of remove curse {unknown}
 q - a scroll of fog
 u - 6 scrolls of teleportation
Potions
 i - a potion of lignification
 k - a potion of cancellation
Books
 b - a book of Necromancy

   Spells                             Type                      Level
   a - Pain                           Necromancy                   1
   b - Animate Skeleton               Necromancy                   1
   c - Vampiric Draining              Necromancy                   3
   d - Regeneration                   Charms/Necromancy            3
   e - Animate Dead                   Necromancy                   4
   f - Borgnjor's Vile Clutch         Necromancy/Earth             5
Comestibles
 c - 6 rations


   Skills:
 + Level 3.3 Fighting
 + Level 3.3 Short Blades
 + Level 3.3 Long Blades
 + Level 3.3 Axes
 + Level 3.3 Maces & Flails
 + Level 3.3 Polearms
 + Level 3.3 Staves
 + Level 3.3 Slings
 + Level 3.3 Bows
 + Level 3.3 Crossbows
 + Level 3.3 Throwing
 + Level 3.3 Armour
 + Level 5.7 Dodging
 + Level 5.4 Stealth
 + Level 3.3 Shields
 + Level 3.3 Unarmed Combat
 + Level 6.1 Spellcasting
 + Level 2.7 Conjurations
 + Level 2.7 Hexes
 + Level 2.7 Charms
 + Level 2.7 Summonings
 + Level 7.7 Necromancy
 + Level 2.7 Translocations
 + Level 2.7 Transmutations
 + Level 2.7 Fire Magic
 + Level 2.7 Ice Magic
 + Level 2.7 Air Magic
 + Level 2.7 Earth Magic
 + Level 2.7 Poison Magic
 + Level 3.7 Invocations
 + Level 3.3 Evocations


You had 2 spell levels left.
You knew the following spells:

 Your Spells              Type           Power        Failure   Level  Hunger
a - Pain                  Necr           ####         1%          1    None
d - Vampiric Draining     Necr           #####.....   1%          3    #......
n - Animate Skeleton      Necr           N/A          1%          1    None
r - Regeneration          Chrm/Necr      ####......   1%          3    #......
v - Borgnjor's Vile Clut  Necr/Erth      ####......   12%         5    #####..
N - Animate Dead          Necr           N/A          1%          4    ###....


Dungeon Overview and Level Annotations

Branches:
Dungeon (7/15)             Temple (1/1) D:7

Altars:
Cheibriados
Dithmenos
Elyvilon
Fedhas
Gozag
Hepliaklqana
Kikubaaqudgha
Makhleb
Okawaru
Qazlal
Ru
Sif Muna
Trog
Uskayaw
Vehumet
Wu Jian
Xom
Zin


Innate Abilities, Weirdness & Mutations

Your experience applies equally to all skills.
((You have very sharp teeth.))
Your uncanny sense of smell can sniff out nearby items.
((You are partially covered in iridescent scales. (AC +2)))
((You can translocate small distances at will.))
Your magical capacity is low. (-10% MP)
((Your system is resistant to poisons. (rPois)))


Message History

Wield which item (- for none, * to show all)? (? for menu, Esc to quit)
You are now empty-handed.
You block the orc warlord's attack.
You barely miss the orc warlord.
The orc warlord is heavily wounded.
You hit the orc warlord but do no damage.
The orc warlord is heavily wounded.
The orc warlord hits you but does no damage.
You hit the orc warlord but do no damage.
The orc warlord is heavily wounded.
The orc warlord hits you but does no damage.
You barely miss the orc warlord.
The orc warlord is heavily wounded.
The orc warlord hits you with a war axe!
* * * LOW HITPOINT WARNING * * *
Throwing (i - inventory. (,) - cycle):
s - 16 tomahawks of returning (quivered)
Press: ? - help, Shift-Dir - straight line, f/p - orc warlord
Aim: an orc warlord, wielding a war axe and wearing a plate armour (heavily wounded)
Okay, then.
Unknown command.
Fire/throw which item? (* to show all) (? for menu, Esc to quit)
Really fire
r - 2 tomahawks of dispersal {!f}?
Press: ? - help, Shift-Dir - straight line, f/p - orc warlord
Aim: an orc warlord, wielding a war axe and wearing a plate armour (heavily wounded)
You throw a tomahawk of dispersal {!f}.
The tomahawk of dispersal {!f} barely misses the orc warlord.
The orc warlord hits you with a war axe!
* * * LOW HITPOINT WARNING * * *
Evoke which item? (* to show all) (? for menu, Esc to quit)
Okay, then.
Fire/throw which item? (* to show all) (? for menu, Esc to quit)
Really fire
r - a tomahawk of dispersal {!f}?
Press: ? - help, Shift-Dir - straight line, f/p - orc warlord
Aim: an orc warlord, wielding a war axe and wearing a plate armour (heavily wounded)
You throw a tomahawk of dispersal {!f}.
The tomahawk of dispersal {!f} barely misses the orc warlord.
The orc warlord hits you with a war axe.
* * * LOW HITPOINT WARNING * * *
You feel much better.
Unknown command.
You hit the orc warlord.
The orc warlord is heavily wounded.
The orc warlord hits you but does no damage.
You hit the orc warlord but do no damage.
The orc warlord is heavily wounded.
The orc warlord hits you but does no damage.
You smack the orc warlord!
The orc warlord is heavily wounded.
You block the orc warlord's attack.
Casting: Borgnjor's Vile Clutch
Confirm with . or Enter, or press ? or * to list all spells.
Aiming: Borgnjor's Vile Clutch
Press: ? - help, Dir - move target cursor, f/p - orc warlord
Aim: an orc warlord, wielding a war axe and wearing a plate armour (heavily wounded) Decaying hands burst forth from the earth!
Zombie hands grab the orc warlord.
The zombie hands constrict the orc warlord!
You block the orc warlord's attack.
You hit the orc warlord but do no damage.
The orc warlord is heavily wounded.
The zombie hands constrict the orc warlord.
You hit the orc warlord but do no damage.
The orc warlord is severely wounded.
The zombie hands constrict the orc warlord.
The orc warlord hits you with a war axe!
You hit the orc warlord but do no damage.
The orc warlord is severely wounded.
The zombie hands constrict the orc warlord.
The zombie hands release their grip on the orc warlord.
The orc warlord hits you with a war axe.
* * * LOW HITPOINT WARNING * * *
Unknown command.
Okay, then.
Unknown command.
Unknown command.
Evoke which item? (* to show all) (? for menu, Esc to quit)
Aiming: Enslavement
Press: ? - help, Shift-Dir - straight line, f/p - orc warlord
Aim: an orc warlord, wielding a war axe and wearing a plate armour (severely wounded, chance to defeat MR: 22%)
The orc warlord resists with almost no effort.
Your transformation is almost over.
You start to feel less resistant.
The orc warlord hits you with a war axe.
* * * LOW HITPOINT WARNING * * *
You smack the orc warlord!
The orc warlord is almost dead.
The orc warlord hits you with a war axe!
* * * LOW HITPOINT WARNING * * *
You hit the orc warlord.
The orc warlord is almost dead.
The orc warlord hits you with a war axe!
* * * LOW HITPOINT WARNING * * *
You hit the orc warlord but do no damage.
The orc warlord is almost dead.
You hit the orc warlord but do no damage.
The orc warlord is almost dead.
The orc warlord hits you but does no damage.
You hit the orc warlord.
The orc warlord is almost dead.
Your resistance to elements expires.
The orc warlord hits you with a war axe!!
You die...

##### ##### ##...## ##...##
##.....## ##.....##
##....)..#######.......##
##..8..8)..........8..8..##
#.......).................#
#.........................#
#...8......#)o♣#......8...#
##......####≈≈≈####......##
##.....#≈≈≈≈≈≈≈≈≈#.)...##♣
##....#≈.8...8.≈#.)[.##.♣
###'###.......###(###..♣♣
≈. ≈≈.8...8.≈≈#(≈≈≈...♣
≈≈.#≈.........≈#(≈≈≈K..♣
#≈....∩....≈#(≈≈≈K..∩
##.........##.≈≈≈...♣


You could see an orc warlord.

Vanquished Creatures
  Sigmund (D:6)
  2 sky beasts
  2 orc warriors (Bailey)
  A phantom (D:6)
  A black bear (D:6)
  3 ogres
  A big kobold (D:7)
  2 wights (D:7)
  A hound (D:6)
  A jelly (D:7)
  A worker ant (D:4)
  Ijyb (D:4)
  3 gnolls (D:6)
  2 adders
  An ooze (D:4)
  3 dart slugs
  A leopard gecko (D:6)
  3 orcs (Bailey)
  3 bats (D:1)
  14 goblins
  6 hobgoblins
  13 jackals
  8 kobolds
  4 quokkas
  2 frilled lizards (D:2)
  A quokka skeleton (D:4)
  A rat (D:2)
82 creatures vanquished.

Vanquished Creatures (collateral kills)
  A wight (D:7)
  A crimson imp (D:7)
  An adder (D:4)
  4 kobolds
7 creatures vanquished.

Vanquished Creatures (others)
  A wight (D:7)
  A quokka (D:7)
2 creatures vanquished.

Grand Total: 91 creatures vanquished

Notes
Turn   | Place    | Note
-------+----------+-------------------------------------------
     0 | D:1      | tidbits the Gnoll Necromancer began the quest for the Orb.
     0 | D:1      | Reached XP level 1. HP: 13/13 MP: 6/6
    44 | D:1      | Reached XP level 2. HP: 12/19 MP: 2/7
    47 | D:1      | Learned a level 1 spell: Animate Skeleton
   157 | D:2      | Found a hazy altar of Hepliaklqana.
   206 | D:2      | Gained mutation: You can translocate small distances at will. [potion of mutation]
   206 | D:2      | Gained mutation: Your system is resistant to poisons. (rPois) [potion of mutation]
   206 | D:2      | Gained mutation: Your magical capacity is low. (-10% MP) [potion of mutation]
   206 | D:2      | Gained mutation: You are partially covered in iridescent scales. (AC +2) [potion of mutation]
   215 | D:2      | Reached XP level 3. HP: 25/25 MP: 1/8
   226 | D:2      | Reached skill level 5 in Spellcasting
   262 | D:2      | Learned a level 3 spell: Vampiric Draining
   266 | D:2      | Learned a level 3 spell: Regeneration
   299 | D:2      | Reached skill level 1 in Invocations
   451 | D:4      | Reached skill level 1 in Fighting
   451 | D:4      | Reached skill level 1 in Short Blades
   451 | D:4      | Reached skill level 1 in Long Blades
   451 | D:4      | Reached skill level 1 in Axes
   451 | D:4      | Reached skill level 1 in Maces & Flails
   451 | D:4      | Reached skill level 1 in Polearms
   451 | D:4      | Reached skill level 1 in Staves
   451 | D:4      | Reached skill level 1 in Slings
   451 | D:4      | Reached skill level 1 in Bows
   451 | D:4      | Reached skill level 1 in Crossbows
   451 | D:4      | Reached skill level 1 in Throwing
   451 | D:4      | Reached skill level 1 in Armour
   451 | D:4      | Reached skill level 1 in Shields
   451 | D:4      | Reached skill level 1 in Unarmed Combat
   451 | D:4      | Reached skill level 1 in Evocations
   470 | D:4      | Reached XP level 4. HP: 29/32 MP: 5/9
   486 | D:4      | Noticed an ogre
   494 | D:4      | Killed an ogre
   494 | D:4      | Reached skill level 1 in Conjurations
   494 | D:4      | Reached skill level 1 in Hexes
   494 | D:4      | Reached skill level 1 in Charms
   494 | D:4      | Reached skill level 1 in Summonings
   494 | D:4      | Reached skill level 1 in Translocations
   494 | D:4      | Reached skill level 1 in Transmutations
   494 | D:4      | Reached skill level 1 in Fire Magic
   494 | D:4      | Reached skill level 1 in Ice Magic
   494 | D:4      | Reached skill level 1 in Air Magic
   494 | D:4      | Reached skill level 1 in Earth Magic
   494 | D:4      | Reached skill level 1 in Poison Magic
   494 | D:4      | Reached XP level 5. HP: 29/37 MP: 0/11
   561 | D:5      | Entered Level 5 of the Dungeon
   586 | D:4      | Noticed Ijyb
   595 | D:4      | Killed Ijyb
   613 | D:4      | Noticed an ogre
   615 | D:4      | Killed an ogre
   615 | D:4      | Reached skill level 2 in Invocations
   615 | D:4      | Reached XP level 6. HP: 39/44 MP: 10/12
   626 | D:4      | Learned a level 5 spell: Borgnjor's Vile Clutch
   678 | D:6      | Found a snail-covered altar of Cheibriados.
   711 | D:6      | Reached skill level 5 in Dodging
   712 | D:6      | Reached skill level 2 in Fighting
   712 | D:6      | Reached skill level 2 in Short Blades
   712 | D:6      | Reached skill level 2 in Long Blades
   712 | D:6      | Reached skill level 2 in Axes
   712 | D:6      | Reached skill level 2 in Maces & Flails
   712 | D:6      | Reached skill level 2 in Polearms
   712 | D:6      | Reached skill level 2 in Staves
   712 | D:6      | Reached skill level 2 in Slings
   712 | D:6      | Reached skill level 2 in Bows
   712 | D:6      | Reached skill level 2 in Crossbows
   712 | D:6      | Reached skill level 2 in Throwing
   712 | D:6      | Reached skill level 2 in Armour
   712 | D:6      | Reached skill level 2 in Shields
   712 | D:6      | Reached skill level 2 in Unarmed Combat
   712 | D:6      | Reached skill level 2 in Evocations
   723 | D:6      | Noticed a phantom
   727 | D:6      | Killed a phantom
   732 | D:6      | Noticed a black bear
   732 | D:6      | Noticed a sky beast
   763 | D:5      | Reached XP level 7. HP: 45/50 MP: 9/13
   859 | D:6      | Reached skill level 2 in Conjurations
   859 | D:6      | Reached skill level 2 in Hexes
   859 | D:6      | Reached skill level 2 in Charms
   859 | D:6      | Reached skill level 2 in Summonings
   859 | D:6      | Reached skill level 2 in Translocations
   859 | D:6      | Reached skill level 2 in Transmutations
   859 | D:6      | Reached skill level 2 in Fire Magic
   859 | D:6      | Reached skill level 2 in Ice Magic
   859 | D:6      | Reached skill level 2 in Air Magic
   859 | D:6      | Reached skill level 2 in Earth Magic
   859 | D:6      | Reached skill level 2 in Poison Magic
   904 | D:7      | Found a white marble altar of Elyvilon.
   911 | D:7      | Reached skill level 5 in Stealth
   943 | D:7      | Reached skill level 3 in Invocations
   949 | D:7      | Found a staircase to the Ecumenical Temple.
   956 | Temple   | Entered the Ecumenical Temple
  1023 | D:7      | Reached XP level 8. HP: 56/57 MP: 15/15
  1070 | D:6      | Noticed Sigmund
  1089 | D:6      | Became a worshipper of Cheibriados the Contemplative
  1105 | D:6      | Killed Sigmund
  1105 | D:6      | Reached skill level 3 in Fighting
  1105 | D:6      | Reached skill level 3 in Short Blades
  1105 | D:6      | Reached skill level 3 in Long Blades
  1105 | D:6      | Reached skill level 3 in Axes
  1105 | D:6      | Reached skill level 3 in Maces & Flails
  1105 | D:6      | Reached skill level 3 in Polearms
  1105 | D:6      | Reached skill level 3 in Staves
  1105 | D:6      | Reached skill level 3 in Slings
  1105 | D:6      | Reached skill level 3 in Bows
  1105 | D:6      | Reached skill level 3 in Crossbows
  1105 | D:6      | Reached skill level 3 in Throwing
  1105 | D:6      | Reached skill level 3 in Armour
  1105 | D:6      | Reached skill level 3 in Shields
  1105 | D:6      | Reached skill level 3 in Unarmed Combat
  1105 | D:6      | Reached skill level 3 in Evocations
  1188 | D:7      | Found a flagged portal.
  1194 | D:7      | Reached skill level 6 in Spellcasting
  1205 | Bailey   | Entered a bailey
  1211 | Bailey   | Learned a level 4 spell: Animate Dead
  1217 | Bailey   | Noticed an orc warlord
  1264 | Bailey   | Reached * piety under Cheibriados
  1295 | Bailey   | Found a runed gate.
  1297 | Bailey   | Found a runed gate.
  1299 | Bailey   | Found a runed gate.
  1378 | Bailey   | Slain by an orc warlord

Skill      XL: |  1  2  3  4  5  6  7  8 |
---------------+-------------------------+-----
Spellcasting   | 5 6 |  6.1
Invocations    | 1 2 3 |  3.7
Fighting       | 1 2 3 |  3.3
Short Blades   | 1 2 3 |  3.3
Long Blades    | 1 2 3 |  3.3
Axes           | 1 2 3 |  3.3
Maces & Flails | 1 2 3 |  3.3
Polearms       | 1 2 3 |  3.3
Staves         | 1 2 3 |  3.3
Slings         | 1 2 3 |  3.3
Bows           | 1 2 3 |  3.3
Crossbows      | 1 2 3 |  3.3
Throwing       | 1 2 3 |  3.3
Armour         | 1 2 3 |  3.3
Shields        | 1 2 3 |  3.3
Unarmed Combat | 1 2 3 |  3.3
Evocations     | 1 2 3 |  3.3
Conjurations   | 1 2 |  2.7
Hexes          | 1 2 |  2.7
Charms         | 1 2 |  2.7
Summonings     | 1 2 |  2.7
Translocations | 1 2 |  2.7
Transmutations | 1 2 |  2.7
Fire Magic     | 1 2 |  2.7
Ice Magic      | 1 2 |  2.7
Air Magic      | 1 2 |  2.7
Earth Magic    | 1 2 |  2.7
Poison Magic   | 1 2 |  2.7
Dodging        | 5 |  5.7
Stealth        | 5 |  5.4
Necromancy     | |  7.7

Action                   |  1- 3 |  4- 6 |  7- 9 || total
-------------------------+-------+-------+-------++-------
Melee: Unarmed           |     5 |       |    15 ||    20
       Dagger            |    63 |     5 |    52 ||   120
       Short sword       |    17 |    18 |       ||    35
       Bite              |     7 |     3 |     4 ||    14
       War axe           |       |       |    10 ||    10
       Punch             |       |       |     1 ||     1
Throw: Tomahawk          |       |       |    10 ||    10
 Cast: Pain              |    43 |    18 |    20 ||    81
       Regeneration      |     2 |       |     2 ||     4
       Animate Skeleton  |       |     1 |       ||     1
       Borgnjor's Vile C |       |       |     5 ||     5
Evoke: Wand              |       |    14 |    20 ||    34
  Use: Potion            |     5 |     1 |     4 ||    10
       Scroll            |       |     4 |     3 ||     7
 Stab: Sleeping          |     2 |     1 |     1 ||     4
       Paralysed         |       |     1 |     2 ||     3
  Eat: Ration            |       |       |     1 ||     1
Armor: Robe              |    34 |     9 |    22 ||    65
       Skin              |       |       |     7 ||     7
Dodge: Dodged            |    96 |    20 |   101 ||   217
Block: Buckler           |       |       |     7 ||     7

Table legend:
 A = Turns spent in this place as a percentage of turns spent in the entire game.
 B = Non-inter-level travel turns spent in this place as a percentage of non-inter-level travel turns spent in the entire game.
 C = Inter-level travel turns spent in this place as a percentage of turns spent in this place.
 D = Turns resting spent in this place as a percentage of non-inter-level travel turns spent in this place.
 E = Turns spent auto-exploring this place as a percentage of non-inter-level travel turns spent in this place.
 F = Non-inter-level travel turns spent in this place divided by the number of levels of this place that you've seen.
                   A       B       C       D       E      F
               +-------+-------+-------+-------+-------+----------------------
         Total | 100.0 | 100.0 |   0.0 |   0.0 |   0.0 | 153.1
       Dungeon |  82.8 |  82.8 |   0.0 |   0.0 |   0.0 | 163.0
        Temple |   4.6 |   4.6 |   0.0 |   0.0 |   0.0 |  64.0
        Bailey |  12.6 |  12.6 |   0.0 |   0.0 |   0.0 | 173.0
               +-------+-------+-------+-------+-------+----------------------

Table legend:
 A = Kills in this place as a percentage of kills in entire the game.
 B = Kills by you in this place as a percentage of kills by you in the entire game.
 C = Kills by friends in this place as a percentage of kills by friends in the entire game.
 D = Other kills in this place as a percentage of other kills in the entire game.
 E = Experience gained in this place as a percentage of experience gained in the entire game.
 F = Experience gained in this place divided by the number of levels of this place that you have seen.
                   A       B       C       D       E      F
               +-------+-------+-------+-------+-------+----------------------
         Total | 100.0 | 100.0 | 100.0 |   N/A | 100.0 | 211.4
       Dungeon |  83.1 |  81.7 | 100.0 |   N/A |  84.7 | 230.1
        Bailey |  16.9 |  18.3 |   0.0 |   N/A |  15.3 | 292.0
               +-------+-------+-------+-------+-------+----------------------

Vault maps used:
D:1:      minmay_arrival_statue_studded, minmay_misc_feat_x
D:2:      nicolae_overflow_crystal_walls, first_ration, uniq_terence
D:3:      nicolae_ashenzari_panopticon
D:4:      nrook_mini_backslash, uniq_ijyb
D:5:      kennysheep_little_box, uniq_blork_the_orc, uniq_eustachio
D:6:      nicolae_overflow_hidden_temple, corexii_leaking_fountain, uniq_sigmund
D:7:      elyvilon_altar_4, temple_statues, enter_bailey_3
Temple:   eino_narrow_crystal_temple
Bailey:   bailey_axe_bossmonster_kennysheep, bailey
